AoeStats
← BaLVaL

Four Lakes

509687166Analyzed
1v1 RM · 4d ago on Sep 27, 2026· 36m 21s· 2 players
Game mode
Random Map
Map size
Tiny (2 player)
Population
200
Speed
Normal
Resources
Standard
Victory
Conquest
Starting age
Dark Age
Ending age
Imperial Age
RankedLock teamsTeams togetherTeam positionsShared explorationLock speedFull tech treeHidden civsTurbo modeCheats
Victory
Defeat
🇨🇱 Bulgarians · Chile
1001
+16
🇮🇱 Goths · Israel
1005
-16
BaLVaL
11:24 Loom
13:31 Feudal Age
15:12 Double-Bit Axe
15:08 Horse Collar
15:20 Gold Mining
20:23 Castle Age
19:20 Forging
19:11 Scale Mail Armor
19:02 Fletching
19:57 Padded Archer Armor
21:07 Elite Skirmisher
22:13 Bodkin Arrow
23:40 Gold Shaft Mining
23:23 Bow Saw
24:08 Leather Archer Armor
24:07 Thumb Ring
24:14 Gambesons
24:30 Squires
27:56 Heavy Plow
30:44 Wheelbarrow
29:57 Town Watch
31:52 Chain Mail Armor
32:12 Iron Casting
32:42 Hand Cart
38:46 Imperial Age
shya95
3:16 Loom
11:23 Feudal Age
11:57 Double-Bit Axe
18:20 Castle Age
16:56 Wheelbarrow
16:07 Town Watch
17:42 Fletching
19:02 Padded Archer Armor
19:02 Crossbowman
19:48 Bodkin Arrow
25:45 Horse Collar
27:49 Heavy Plow
32:29 Imperial Age
32:51 Scale Mail Armor
33:01 Forging
32:54 Squires
32:59 Murder Holes
33:49 Chain Mail Armor
Connection lost

Rejoining the realm…

Still unreachable

The connection could not be restored.

Session expired

The server has moved on; the page needs a fresh start.